Cogmind - Beta 11.1 @@@ ROGUE MODE // 2022.06.30 @ 19:41:07 Player: Cyurio Result: Self-destructed Performance ------------- Evolutions (2) 1000 Regions Visited (5) 1000 Robots Destroyed (34) 170 Value Destroyed (701) 701 Prototype IDs (24) 480 Alien Tech Used (0) 0 Bonus (424) 424 TOTAL SCORE: 3775 Bonus ------- High Alert Combat Kills 4 Follower Combat Kills 120 Aligned with FarCom 300 Cogmind --------- Core Integrity 366/550 Matter 290/300 Energy 82/100 System Corruption 11% Temperature Cool (0) Movement Flying (115) Ox2 Location -8/Materials Parts ------- > --- POWER (1) -------- (None) > --- PROPULSION (4) --- Aerolev Unit Surge Thruster > --- UTILITY (4) ------ Large Storage Unit Weight Redist. System Machine Analyzer Targeting Computer > --- WEAPON (2) ------- Katana > --- INVENTORY (15) --- Light Ion Engine Aerolev Unit High-capacity Storage Unit Weight Redist. System Improved Sensor Array Improved Signal Interpreter Heavy EM Shotgun Rocket Launcher Axe Peak State ------------ > --- POWER ------------ Deuterium Engine > --- PROPULSION ------- Gravmag System Gravmag System Gravmag System Gravmag System > --- UTILITY ---------- Large Storage Unit Weight Redist. System Machine Analyzer Targeting Computer > --- WEAPON ----------- Latent Energy Streamer Katana > --- INVENTORY -------- Light Ion Engine Aerolev Unit Aerolev Unit VTOL Module VTOL Module VTOL Module High-capacity Storage Unit Weight Redist. System Improved Sensor Array Improved Signal Interpreter Rocket Launcher Katana Axe [Rating: 42] Favorites ----------- Power Light Nuclear Core Engine Deuterium Engine Power Core Light Nuclear Core Propulsion Aluminum Leg Leg Aluminum Leg Wheel Compact Wheel Hover Unit Gravmag System Flight Unit VTOL Module Utility Targeting Computer Device Weight Redist. System Storage Medium Storage Unit Processor Targeting Computer Weapon Light Assault Rifle Energy Gun Particle Gun Energy Cannon Latent Energy Streamer Ballistic Gun Light Assault Rifle Slashing Weapon Katana Build | -11 -10 -10 -10 -9 -8 ------- Run | Scr Mat Min Exi Min Mat Slots Evolved 4 | . . . . . 4 Power . | . . . . . . Propulsion 2 | . . . . . 2 Utility 2 | . . . . . 2 Weapon . | . . . . . . Parts Attached 36 | . 3 1 1 5 26 Power 4 | . 1 1 1 . 1 Engine 3 | . 1 . 1 . 1 Core 1 | . . 1 . . . Reactor . | . . . . . . Propulsion 19 | . . . . 3 16 Treads . | . . . . . . Leg 2 | . . . . 2 . Wheel 1 | . . . . 1 . Hover 11 | . . . . . 11 Flight 5 | . . . . . 5 Utility 7 | . 2 . . . 5 Device 1 | . . . . . 1 Storage 4 | . 1 . . . 3 Processor 2 | . 1 . . . 1 Hackware . | . . . . . . Protection . | . . . . . . Artifact . | . . . . . . Weapon 6 | . . . . 2 4 Energy Gun 1 | . . . . 1 . Energy Cannon 2 | . . . . 1 1 Ballistic Gun . | . . . . . . Ballistic Cannon . | . . . . . . Launcher . | . . . . . . Special Weapon . | . . . . . . Impact Weapon . | . . . . . . Slashing Weapon 3 | . . . . . 3 Piercing Weapon . | . . . . . . Special Melee Weapon . | . . . . . . Unidentified Prototypes 1 | . . . . . 1 Parts Lost 12 | . . . . 3 9 Power . | . . . . . . Propulsion 10 | . . . . 2 8 Utility . | . . . . . . Weapon 2 | . . . . 1 1 Highest Loss Streak 4 | . . . . 3 4 To Critical Strikes . | . . . . . . Average Slot Usage (%) 96 | . 94 100 100 96 92 Engine 7 | . 14 1 7 14 8 Core 4 | . . 12 7 . . Leg 19 | . 28 28 28 24 . Hover 9 | . . . . . 29 Device 2 | . . . . . 9 Storage 12 | . 14 14 14 14 9 Processor 13 | . 9 14 14 14 16 Energy Gun 1 | . . . . 11 1 Energy Cannon 1 | . . . . 2 3 Ballistic Gun 18 | . 28 28 28 14 1 Slashing Weapon 3 | . . . . . 11 Naked Turns . | . . . . . . Heaviest Build 41 | 13 16 18 18 24 41 Greatest Support 42 | 20 20 20 20 20 42 Greatest Overweight (x) 2 | . . . . 2 2 Average Overweight (x) . | . . . . . . Largest Inventory Capacity 20 | . 10 10 10 10 20 Average Capacity 10 | . 8 10 10 10 11 Most Carried 13 | . 10 10 10 10 13 Average Carried 9 | . 7 9 9 9 9 Final Capacity 15 | 8 10 10 10 10 15 Final Carried 10 | 6 10 10 10 10 9 Class Distribution -------------------- 91% | Mutant 8% | Scavenger-Mutant Dominant Class ---------------- Mutant | -10/Materials Mutant | -10/Mines Mutant | -10/Exiles Scavenger-Mutant | -9/Mines Mutant | -8/Materials Resources | -11 -10 -10 -10 -9 -8 ----------- Run | Scr Mat Min Exi Min Mat Matter Collected 692 | 200 106 98 . 43 245 Remotely . | . . . . . . Salvage Created 1047 | . 226 175 . 37 609 Parts 81 | . 12 19 . 2 48 Haulers Intercepted 2 | . . . . . 2 Recyclers Shooed . | . . . . . . Parts Field Recycled . | . . . . . . Retrieved Matter . | . . . . . . Parts Self-Destructed . | . . . . . . Prevented . | . . . . . . Kills | -11 -10 -10 -10 -9 -8 ------- Run | Scr Mat Min Exi Min Mat Combat Hostiles Destroyed 23 | . 7 8 . 1 7 Melee 5 | . . . . . 5 Guns 16 | . 7 8 . 1 . AOE 2 | . . . . . 2 Classes Destroyed 10 | . 2 . . . 8 Worker 5 | . . . . . 5 Builder 1 | . . . . . 1 Hauler 2 | . . . . . 2 Recycler 1 | . . . . . 1 Watcher 2 | . . . . . 2 Swarmer 11 | . 3 6 . . 2 Cutter 1 | . . . . . 1 Grunt 7 | . 4 2 . 1 . Sentry 3 | . . . . . 3 Hunter 1 | . . . . . 1 Best Kill Streak 8 | . 3 3 . 1 8 Combat Bots Only 3 | . 3 3 . 1 3 Max Kills in Single Turn 2 | . 1 1 . 1 2 Gunslinging . | . . . . . . Exploded 2 | . . . . . 2 Melee 1 | . . . . . 1 Uniques/NPCs Destroyed . | . . . . . . Combat | -11 -10 -10 -10 -9 -8 -------- Run | Scr Mat Min Exi Min Mat Damage Taken 1529 | . 190 185 . 245 909 Core 339 | . 25 16 . 114 184 Absorbed by Shields . | . . . . . . Core Remaining (%) 69 | 100 . . . 38 . Volleys Fired 53 | . 19 22 . 9 3 Largest 2 | . 2 2 . 2 1 Hottest 60 | . 40 40 . 40 60 Shots Fired 97 | . 38 44 . 12 3 Gun 94 | . 38 44 . 12 . Cannon 3 | . . . . . 3 Launcher . | . . . . . . Special . | . . . . . . Kinetic 94 | . 38 44 . 12 . Thermal . | . . . . . . Explosive . | . . . . . . Electromagnetic 3 | . . . . . 3 Robot Hit Streak 11 | . 7 10 . 11 . Robot Miss Streak 5 | . 2 5 . 1 1 Penetration Max . | . . . . . . Secondary Targets . | . . . . . . Shots Hit Robots 94 | . 25 25 . 11 33 Core Hits 42 | . 12 13 . 3 14 Critical Kills . | . . . . . . Critical Parts Destroyed 2 | . . 2 . . . Critical Strikes 7 | . . 2 . . 5 Destroy 2 | . . 2 . . . Sever 5 | . . . . . 5 Melee Attacks 53 | . . . . . 53 Impact . | . . . . . . Slashing 53 | . . . . . 53 Piercing . | . . . . . . Sneak Attacks 12 | . . . . . 12 Combat Hostiles . | . . . . . . Follow-up Attacks 3 | . . . . . 3 Damage Inflicted 2757 | . 268 303 . 105 2081 Guns 672 | . 268 299 . 105 . Cannons . | . . . . . . Explosions 599 | . . . . . 599 Melee 1482 | . . . . . 1482 Ramming 4 | . . 4 . . . Kinetic 672 | . 268 299 . 105 . Thermal 85 | . . . . . 85 Explosive . | . . . . . . Electromagnetic 514 | . . . . . 514 Impact . | . . . . . . Slashing 1482 | . . . . . 1482 Piercing . | . . . . . . Highest Corruption 11 | . . . . . 11 Average Corruption 7 | . . . . . 7 Corruption Purged . | . . . . . . Corruption Blocked . | . . . . . . Effects 1 | . . . . . 1 Data Loss (minor) 1 | . . . . . 1 Overload Shots . | . . . . . . Overflow Damage 208 | . . . . . 208 Projectiles . | . . . . . . Explosions 37 | . . . . . 37 Melee 171 | . . . . . 171 Knockbacks . | . . . . . . Impact . | . . . . . . Kinetic . | . . . . . . Secondary . | . . . . . . Self-Inflicted Damage . | . . . . . . Shots . | . . . . . . Rammed . | . . . . . . Targets Rammed 1 | . . 1 . . . Kicked 1 | . . 1 . . . Crushed . | . . . . . . Highest Temperature 31 | . 12 25 . 31 18 Average Temperature 8 | . 8 5 . 14 11 Received Heat Transfer 360 | . 81 69 . 138 72 Siege Activations . | . . . . . . Robots Corrupted . | . . . . . . Combat Hostiles . | . . . . . . Parts Fried . | . . . . . . Impact Corruptions . | . . . . . . Robots Melted . | . . . . . . Combat Hostiles . | . . . . . . Parts Melted . | . . . . . . Heat Transferred 50 | . . . . . 50 Parts Sabotaged . | . . . . . . Parts Stolen . | . . . . . . Parts Stripped . | . . . . . . Power Chain Reactions . | . . . . . . Missiles Intercepted . | . . . . . . Latent Energy Used 460 | . . . . . 460 LE Corruption 7 | . . . . . 7 Alert | -11 -10 -10 -10 -9 -8 ------- Run | Scr Mat Min Exi Min Mat Peak Influence 406 | . 193 295 . 64 406 Initial 75 | . . 75 . . 16 Average 130 | . 91 162 . 45 142 Maximum Alert Level 2 | . . 1 . . 2 Low Security (%) 77 | . 100 64 . 100 73 Level 1 22 | . . 35 . . 25 Level 2 . | . . . . . . Level 3 . | . . . . . . Level 4 . | . . . . . . Level 5 . | . . . . . . High Security . | . . . . . . Max Security . | . . . . . . Squads Dispatched 1 | . . . . . 1 Investigation . | . . . . . . Extermination . | . . . . . . Reinforcement 1 | . . . . . 1 Assault . | . . . . . . Garrison . | . . . . . . Intercept . | . . . . . . Searches Triggered . | . . . . . . Construction Impeded . | . . . . . . Haulers Reinforced . | . . . . . . Active Scanning Responses . | . . . . . . Cargo Convoy Interrupts . | . . . . . . Stealth | -11 -10 -10 -10 -9 -8 --------- Run | Scr Mat Min Exi Min Mat Distress Signals 2 | . . . . . 2 Communications Jammed . | . . . . . . Distress Signals . | . . . . . . Times Spotted 52 | . 11 11 . 5 25 Peak Tracking Total 5 | . 3 3 . 3 5 Tactical Retreats 7 | . . 2 . 1 4 Traps | -11 -10 -10 -10 -9 -8 ------- Run | Scr Mat Min Exi Min Mat Traps Triggered . | . . . . . . Indirectly . | . . . . . . Trap Hack Attempts . | . . . . . . Triggered . | . . . . . . Disarmed 4 | . 4 . . . . Reprogrammed . | . . . . . . Reused . | . . . . . . Traps Extracted . | . . . . . . Installed . | . . . . . . Triggered . | . . . . . . Machines | -11 -10 -10 -10 -9 -8 ---------- Run | Scr Mat Min Exi Min Mat Machines Disabled 5 | . . . . . 5 Max in Single Turn 3 | . . . . . 3 Machines Sabotaged . | . . . . . . Garrisons Compromised . | . . . . . . Overloaded Fab Kills . | . . . . . . Hacking | -11 -10 -10 -10 -9 -8 --------- Run | Scr Mat Min Exi Min Mat Machines Accessed 7 | . 3 . 1 . 3 Terminals 6 | . 3 . . . 3 Fabricators . | . . . . . . Repair Stations . | . . . . . . Recycling Units . | . . . . . . Scanalyzers . | . . . . . . Garrison Access . | . . . . . . Total Hacks 19 | . 12 . 1 . 6 Successful 14 | . 8 . 1 . 5 Failed 5 | . 4 . . . 1 Catastrophic . | . . . . . . Database Lockouts . | . . . . . . Manual 14 | . 7 . 1 . 6 Terminals 18 | . 12 . . . 6 Fabricators . | . . . . . . Repair Stations . | . . . . . . Recycling Units . | . . . . . . Scanalyzers . | . . . . . . Garrison Access . | . . . . . . Terminal Hacks 5 | . 4 . 1 . . Locate Traps 1 | . 1 . . . . Disarm Traps 2 | . 2 . . . . Zone Layout 1 | . 1 . . . . EX-Prototype ID Bank 1 | . . . 1 . . Fabricator Hacks . | . . . . . . Repair Station Hacks . | . . . . . . Recycling Unit Hacks . | . . . . . . Scanalyzer . | . . . . . . Garrison Access Hacks . | . . . . . . Unauthorized Hacks 9 | . 4 . . . 5 Terminals 9 | . 4 . . . 5 Track 1 | . . . . . 1 Assimilate 2 | . 1 . . . 1 Botnet 6 | . 3 . . . 3 Fabricators . | . . . . . . Repair Stations . | . . . . . . Recycling Units . | . . . . . . Scanalyzers . | . . . . . . Garrison Access . | . . . . . . Data Cores Recovered . | . . . . . . Used . | . . . . . . Hacking Detections 5 | . 2 . . . 3 Full Trace Events . | . . . . . . Feedback Events . | . . . . . . Feedback Blocked . | . . . . . . Robot Schematics Acquired . | . . . . . . Robots Built . | . . . . . . Authchips . | . . . . . . Time . | . . . . . . Total Robot Build Rating . | . . . . . . Part Schematics Acquired . | . . . . . . Parts Built . | . . . . . . Authchips . | . . . . . . Time . | . . . . . . Total Part Build Rating . | . . . . . . Parts Repaired . | . . . . . . Time . | . . . . . . Parts Recycled . | . . . . . . Recycled Matter . | . . . . . . Retrieved Matter . | . . . . . . Retrieved Components . | . . . . . . Parts Scanalyzed . | . . . . . . Part Schematics Acquired . | . . . . . . Parts Damaged . | . . . . . . Bothacking | -11 -10 -10 -10 -9 -8 ------------ Run | Scr Mat Min Exi Min Mat Used RIF Installer . | . . . . . . Robots Hacked . | . . . . . . Non-combat . | . . . . . . Combat . | . . . . . . Robot Hacks Applied . | . . . . . . Relay Couplers Released . | . . . . . . Fabnet Peak Effective % . | . . . . . . Robots Rewired . | . . . . . . Allies Hacked . | . . . . . . Hacks Repelled . | . . . . . . Allies | -11 -10 -10 -10 -9 -8 -------- Run | Scr Mat Min Exi Min Mat Total Allies 3 | . . 3 . . . Largest Group 3 | . . 3 1 1 . Highest-Rated Group 40 | . . 40 16 16 . Highest-Rated Ally 16 | . . 16 16 16 . Total Orders . | . . . . . . Ally Attacks 26 | . . 10 . 16 . Total Damage 311 | . . 141 . 170 . Kills 4 | . . 2 . 2 . Allies Corrupted . | . . . . . . Allies Melted . | . . . . . . Intel | -11 -10 -10 -10 -9 -8 ------- Run | Scr Mat Min Exi Min Mat Robot Analysis Total . | . . . . . . Derelict Logs Recovered 2 | . . 2 . . . Drone Launches . | . . . . . . Drone Recoveries . | . . . . . . Exploration | -11 -10 -10 -10 -9 -8 ------------- Run | Scr Mat Min Exi Min Mat Turns Passed 2060 | . 324 644 278 183 631 Spaces Moved 1644 | 1 190 419 229 128 677 Core . | . . . . . . Treads . | . . . . . . Legs 965 | 1 190 419 229 126 . Wheels 2 | . . . . 2 . Hover 642 | . . . . . 642 Flight 35 | . . . . . 35 Fastest Speed 26 | 120 120 120 120 115 26 Average Speed 91 | 120 120 120 120 122 50 Slowest Speed 260 | 120 120 120 120 260 170 Overloaded Moves . | . . . . . . Propulsion Burnouts . | . . . . . . Robots Hopped . | . . . . . . Cave-ins Triggered . | . . . . . . Exploration Rate (%) 42 | 2 33 83 62 33 44 Regions Visited 5 Branch Regions 3 Pre-discovered Areas 1 | . . 1 . . . Known Exits Taken . | . . . . . . Unknown Exits Taken 5 | 1 1 1 1 1 . Scrap Searched 1 | . . 1 . . . Spaces Dug 8 | . . . . . 8 Terrain Destroyed 102 | . . . . . 102 Melee 8 | . . . . . 8 Projectile . | . . . . . . AOE 94 | . . . . . 94 Terrain Rammed . | . . . . . . Walls Destroyed . | . . . . . . Machines Disabled . | . . . . . . Actions | -11 -10 -10 -10 -9 -8 --------- Run | Scr Mat Min Exi Min Mat Total 2039 | . 255 521 233 144 886 Wait 212 | . 27 74 . 1 110 Move 1639 | . 189 418 228 127 677 Hop . | . . . . . . Pick Up 20 | . 10 2 2 . 6 Fast Attach 17 | . 1 1 . 3 12 Attach 8 | . . . 1 2 5 Detach 6 | . . . . 2 4 Swap 11 | . 2 . . . 9 Drop 23 | . 7 3 2 . 11 Fire 53 | . 19 22 . 9 3 Melee 49 | . . . . . 49 Ram . | . . . . . . Kick 1 | . . 1 . . . Crush . | . . . . . . Escape Stasis . | . . . . . . Rewire . | . . . . . . Trap . | . . . . . . Miscellaneous . | . . . . . . Route ------- -11/Scrapyard -10/Materials -10/Mines (discovered 3 exits: [*Mat x2] / *Exi) -10/Exiles (discovered 2 exits: [*Min x2]) -9/Mines -8/Materials History --------- Turn | Location | Event 1 | -11/Scrapyard | Discovered new exit (range 0) 1 | -11/Scrapyard | Entered Materials 213 | -10/Materials | Discovered new exit (range 11) 301 | -10/Materials | Build established: Mutant 325 | -10/Materials | Entered Mines 411 | -10/Mines | Discovered new exit (range 6) 517 | -10/Mines | Learned location of Zion (-7) 721 | -10/Mines | Received a Rocket Launcher from a helpful Derelict 743 | -10/Mines | Assisted by bots powering up and referring to "LRC-V3" 861 | -10/Mines | Found a hidden stash of uninstalled traps 877 | -10/Mines | Learned Materials stockpile data 943 | -10/Mines | Discovered new exit (range 6) 956 | -10/Mines | Deemed a non-threat by the Exiles lab entrance 957 | -10/Mines | Discovered new exit (range 5) 969 | -10/Mines | Entered Exiles 969 | -10/Exiles | Accompanied by 1 ally 985 | -10/Exiles | Discovered new exit (range 15) 999 | -10/Exiles | Met 8R-AWN 1020 | -10/Exiles | Met EX-HEX 1058 | -10/Exiles | Met EX-BIN 1075 | -10/Exiles | Aligned with FarCom system 1076 | -10/Exiles | Given EX-Vault access code 1104 | -10/Exiles | Opened EX-Vault 1113 | -10/Exiles | Found Latent Energy Streamer 1136 | -10/Exiles | Warned to stay clear of 0b10 Research branches 1172 | -10/Exiles | Met EX-DEC 1235 | -10/Exiles | Discovered new exit (range 11) 1247 | -10/Exiles | Left Exiles lab with Latent Energy Streamer 1247 | -10/Exiles | Entered Mines 1247 | -9/Mines | Accompanied by 1 ally 1262 | -9/Mines | Core integrity fell below 50% 1286 | -9/Mines | Lost 3 parts (2n1w) 1292 | -9/Mines | Assembled infested the area 1297 | -9/Mines | Assisted by a Guerilla fighting off Assembled 1422 | -9/Mines | Discovered new exit (range 9) 1430 | -9/Mines | Entered Materials 1430 | -8/Materials | Evolved 4 slots: Propulsion x2, Utility x2 2031 | -8/Materials | System corruption reached 10% 2061 | -8/Materials | Self-destructed Last Messages --------------- reinforcements to area. 02029_ >> Machine Analyzer network decryption results: 02029_ Recycling Unit x1 02029_ Terminal x3 02030_ Gravmag System destroyed. 02030_ System corrupted by crushing effect (+4). 02030_ Knocked back. 02032_ Door malfunctions. 02033_ Latent Energy Streamer severed. 02039_ System corrupted: Component data lost. 02039_ Gravmag System destroyed. 02043_ C-17 Slicer Lgt. Nuclear Core severed. 02043_ Gravmag System destroyed. 02048_ Katana follow-up attack on C-17 Slicer. 02051_ The unstable cave ceiling collapses. 02053_ C-17 Slicer destroyed. 02056_ Acquired 5 matter. 02058_ Katana destroyed. 02059_ Deuterium Engine severed. 02059_ Acquired Surge Thruster. Map ----- +----------------------------------------------------+ | ? ! """??# """ # #??????????????????????????? | | ??? ## """ # #??????????????????????????? | | ????? #### /^ #??????????????????????????? | | ?????????# """ # #??????????????????????????? | | ?????????# """ # #??????????????????????????? | | ?????????# """ # #??????????????????????????? | | ?????????# # #??????????????????????????? | | ?????????########## =#??????????????????????????? | | ??????????????????# %%#??????????????????????????? | | ??????????????????# !#########???????????????"??? | | ??????????????????# %= #???????????????T??? | | ????????????####### ##### #???????????????"??? | | ????????????# #???# #??????????????????? | | ????????????# ##### #???# #??????????????????? | | ????????????# #???# ## #??????????????????? | | ????????????# #???#]]!!!!## #??????????????????? | | ????????????# #???#]]!!!!## #??????????????????? | | ????????????# #???######### #??????????????????? | | ????????????# #???????????# #??????????????????? | | ????????????# #?????????### #??????????????????? | | ????????????# #??????#### # #??????????????????? | | ????????????# #?????## ## #h #??????????????????? | | ????????????# #??#### #??????????????????? | | ????????????# #??# % #??????????????????? | | ????????????# #??# ]c ####???????????????? | | ????????????? ???# !c@* [! t ????????? | | ??????????k H] / [ #???????????? | | ???????????#= ### [ #?????"""???? | | ???????????#?#???# # [ + "???"""???? | | ?????????????????######## # T???"""???? | | ????????????????????????# #?"?????????? | | ????????????????????????# / #???????????? | | ????????????????????????# [ #???????????? | | ????????????????????????# #???????????? | | ????????????????????????# ##/#???????????? | | ???????????????????????? #??????????????? | | ?????????????????T?????? +???????"""????? | | ???????????????????????? ######???????"Y"????? | | ????????????????????????###+##????????????"?"????? | | ?????????????????????????????????????????????????? | | ?????????????????????????????????????????????????? | | ?????????????????????????????????????????????????? | | ?????????????????????????????????????????????????? | | ?????????????????????????????????????????????????? | | ?????????????????????????????????????????????????? | | ?????????????????????????????????????????????????? | | ?????????????????????????????????????????????????? | | ?????????????????????????????????????????????????? | | ?????????????????????????????????????????????????? | | ?????????????????????????????????????????????????? | +----------------------------------------------------+ Best States ------------- Heat Dissipation 31 Energy Generation 14 Energy Capacity 275 Matter Stores 300 Matter Capacity 300 Sight Range 16 Terrain Scan Density 10 Additional Mass Support 6 Evasion (%) 64 Targeting Accuracy 5 Item Schematics ----------------- None Robot Schematics ------------------ None Fabricated ------------ Nothing Alien Tech Used ----------------- None Achievements -------------- None Challenges ------------ None Game ------ Seed AntigravDataClaymores Manual? 0 Play Time 00:28:44 Cumulative 58.3 hours Start 2022.06.30 @ 19:14:55 End 2022.06.30 @ 19:41:07 Sessions 1 Manual Loads 0 Difficulty Rogue Special Mode None Game No. 91 Rogue 91 Adventurer 0 Explorer 0 Win Type - Total 1 Types 1/0/0/0/0/0/0/0/0 Lore% 35 Gallery% 39 Achievement% 33 Wizard Run 0 Options --------- ASCII 0 Keyboard 1 Movement Vi Keybinds 1 Fullscreen 1 Font 24/Smallcaps Map View 76x50 Tactical HUD 1 Map Filters NONE Filters NONE Steam 1 RUN: 88dd4b2e-de4d-47e0-bd15-b43801978403